AoeStats
← Vooodowar

Arabia

507667686Analyzed
1v1 RM · 12d ago on Sep 19, 2026· 74m 2s· 2 players
Game mode
Random Map
Map size
Tiny (2 player)
Population
200
Speed
Normal
Resources
Standard
Victory
Conquest
Starting age
Dark Age
Ending age
Imperial Age
RankedLock teamsTeams togetherTeam positionsShared explorationLock speedFull tech treeHidden civsTurbo modeCheats
Victory
Defeat
🇲🇽 Magyars · Mexico
614
+22
🇹🇼 Franks · Taiwan
749
-22
Vooodowar
7:13 Loom
10:07 Feudal Age
11:08 Double-Bit Axe
10:52 Man-at-Arms
12:53 Horse Collar
16:37 Scale Mail Armor
16:28 Fletching
20:50 Bloodlines
23:10 Castle Age
26:29 Scale Barding Armor
28:10 Heavy Plow
28:52 Wheelbarrow
28:03 Town Watch
28:39 Husbandry
28:44 Padded Archer Armor
36:00 Chain Barding Armor
39:41 Corvinian Army
42:22 Imperial Age
42:35 Light Cavalry
44:49 Murder Holes
45:58 Siege Engineers
48:13 Cavalier
49:47 Bow Saw
50:12 Crop Rotation
49:36 Crossbowman
50:41 Arbalester
51:29 Thumb Ring
51:54 Fervor
53:29 Two-Man Saw
55:20 Chemistry
54:40 Ballistics
55:58 Plate Barding Armor
55:19 Bodkin Arrow
56:51 Hand Cart
56:37 Town Patrol
56:47 Stone Mining
56:48 Gold Mining
59:29 Bracer
60:12 Cavalier
62:41 Pikeman
64:40 Halberdier
72:28 Chain Mail Armor
72:28 Leather Archer Armor
InsetCarton3576
6:22 Loom
11:04 Feudal Age
11:40 Town Watch
11:42 Double-Bit Axe
15:10 Wheelbarrow
17:14 Scale Barding Armor
24:24 Castle Age
24:18 Forging
24:47 Gold Mining
24:49 Stone Mining
26:23 Gold Shaft Mining
26:11 Husbandry
32:34 Squires
32:01 Pikeman
37:34 Bow Saw
42:29 Murder Holes
42:56 Ballistics
42:49 Masonry
43:35 #83
47:28 Imperial Age
50:01 Halberdier
51:37 Elite Throwing Axeman
54:19 Chain Barding Armor
54:34 Iron Casting
54:39 Cavalier
56:59 Iron Casting
56:24 Scale Mail Armor
57:01 Plate Barding Armor
61:03 Paladin
69:22 Elite Skirmisher
70:55 Crossbowman
73:46 Light Cavalry
Connection lost

Rejoining the realm…

Still unreachable

The connection could not be restored.

Session expired

The server has moved on; the page needs a fresh start.